 Dungeon Crawl Stone Soup version 0.18-a0-1-gfac8111 (webtiles) character file.

446 radek the Conjurer (level 6, -14/32 HPs)
             Began as a Deep Elf Conjurer on Oct 30, 2015.
             Demolished by Pikel
             ... wielding a +2 whip of electrocution
              (15 damage)
             ... on level 3 of the Dungeon.
             The game lasted 00:18:52 (5491 turns).

radek the Conjurer (Deep Elf Conjurer)              Turns: 5491, Time: 00:18:52

Health: -14/32     AC:  3    Str:  6    XL:     6   Next: 73%
Magic:  0/12       EV: 13    Int: 21    God:
Gold:   224        SH:  0    Dex: 15    Spells: 2 memorised, 5 levels left

rFire  . . .     SeeInvis .     r - +3 quarterstaff (chaos)
rCold  . . .     Clarity  .     a - +0 robe
rNeg   . . .     SustAt   .     (no shield)
rPois  +         Gourm    .     (no helmet)
rElec  .         Spirit   .     s - +0 cloak {rPois}
rCorr  .         Warding  .     (no gloves)
rMut   .         Stasis   .     (no boots)
MR     .....                    f - amulet of rage
Stlth  ++........               (no ring)
                                (no ring)

@: not resistant to hostile enchantments, unstealthy
A: no striking features
a: Evoke Berserk Rage


You were on level 3 of the Dungeon.
You were hungry.

You visited 2 branches of the dungeon, and saw 5 of its levels.

You collected 224 gold pieces.

Inventory:

Hand Weapons
 i - a +0 dagger
 r - a +3 quarterstaff of chaos (weapon)
Armour
 a - a +0 robe (worn)
 s - a +0 cloak of poison resistance (worn)
Jewellery
 f - an amulet of rage (around neck)
Wands
 v - a wand of fire (4)
Scrolls
 d - 4 scrolls of identify
 g - 3 scrolls of remove curse
 k - 2 scrolls of fear {unknown}
 l - 3 scrolls of fog {unknown}
 p - 2 scrolls of magic mapping {unknown}
 q - 3 scrolls of immolation {unknown}
Potions
 e - a potion of agility {unknown}
 j - 2 potions of might {unknown}
 m - 3 potions of brilliance {unknown}
 n - a potion of cancellation {unknown}
 t - a potion of haste {unknown}
 u - a potion of flight {unknown}
Books
 b - a book of Conjurations

   Spells                             Type                      Level
   a - Magic Dart                     Conjuration                  1
   b - Searing Ray                    Conjuration                  2
   c - Dazzling Spray                 Conjuration/Hexes            3
   d - Fulminant Prism                Conjuration/Hexes            4
   e - Iskenderun's Mystic Blast      Conjuration                  4
   f - Iskenderun's Battlesphere      Conjuration/Charms           5
Comestibles
 c - 3 bread rations
 h - 4 chunks of flesh
 o - a royal jelly
 w - a slice of pizza


   Skills:
 - Level 2.4 Dodging
 - Level 2.4 Stealth
 - Level 3.0 Spellcasting
 - Level 7.1 Conjurations
 + Level 6.8 Charms


You had 5 spell levels left.
You knew the following spells:

 Your Spells              Type           Power        Failure   Level  Hunger
a - Magic Dart            Conj           ####         1%          1    None
b - Iskenderun's Battles  Conj/Chrm      ####....     24%         5    ######.


Dungeon Overview and Level Annotations

Branches:
Dungeon (4/15)             Temple (1/1) D:4

Altars:
Ashenzari
Cheibriados
Elyvilon
Gozag
Kikubaaqudgha
Makhleb
Nemelex Xobeh
Okawaru
Sif Muna
Trog
Xom
Yredelemnul
Zin
The Shining One

Annotations:
D:3 Pikel
D:4 Menkaure


Message History

There is a stone staircase leading down here.
Casting: Magic Dart
Confirm with . or Enter, or press ? or * to list all spells.
You conjure a globe of magical energy.
Pikel hits you with a whip of electrocution.
* * * LOW HITPOINT WARNING * * *
Casting: Iskenderun's Battlesphere
Confirm with . or Enter, or press ? or * to list all spells.
Aiming: Magic Dart
Press: ? - help, Shift-Dir - straight line, f - Pikel
Aim: Pikel, wielding a whip of electrocution and wearing a robe (lightly wounded, berserk, fast, unusually strong)
The magic dart hits Pikel.
Pikel is moderately wounded.
Your battlesphere fires!
The barrage of energy hits Pikel.
Pikel is moderately wounded.
Pikel hits you with a whip of electrocution!
* * * LOW HITPOINT WARNING * * *
You are electrocuted!
You die...

########### #.........#
##########.#######.#
#........#.# #.#
#####.######.#.##### #.#
#.........@K.*.....# #.#
#.###.######...###.###.# #.# #.#
##)..).......####
######.###.#####.....##.........
#......^##..........###########.
#.###...##########.## #....
#.###.#.### #.# #.##.
#.........# #.# #.#..
#.###.#.#.# ##'## #.#..


You could see Pikel (berserk).

Vanquished Creatures
  The ghost of M4edhros the Sneak, an amateur OpAr (D:3)
  2 orc wizards
  2 orc priests (D:4)
  A hound (D:2)
  Crazy Yiuf (D:2)
  A centaur skeleton (D:3)
  A gnoll (D:1)
  5 adders
  6 worms
  A giant gecko (D:4)
  13 orcs
  2 ball pythons
  13 hobgoblins
  8 jackals
  5 bats
  A giant cockroach (D:2)
  7 giant newts
  4 goblins
  7 kobolds
  6 rats
87 creatures vanquished.

Notes
Turn   | Place    | Note
--------------------------------------------------------------
     0 | D:1      | radek the Deep Elf Conjurer began the quest for the Orb.
     0 | D:1      | Reached XP level 1. HP: 10/10 MP: 6/6
     0 | D:1      | Found a shimmering altar of Xom.
   555 | D:1      | Reached XP level 2. HP: 15/15 MP: 5/8
   563 | D:1      | Reached skill level 5 in Conjurations
  1106 | D:1      | Reached XP level 3. HP: 19/19 MP: 4/9
  1732 | D:2      | Reached skill level 6 in Conjurations
  1732 | D:2      | Reached XP level 4. HP: 16/24 MP: 0/10
  1949 | D:2      | Found an opulent altar of Gozag.
  2003 | D:2      | Found a faded altar to an unknown god.
  2332 | D:2      | Found a burning altar of Makhleb.
  2568 | D:2      | Noticed Crazy Yiuf
  2578 | D:2      | Killed Crazy Yiuf
  2578 | D:2      | Reached skill level 7 in Conjurations
  2578 | D:2      | Reached XP level 5. HP: 28/28 MP: 6/11
  2585 | D:2      | Learned a level 5 spell: Iskenderun's Battlesphere
  3167 | D:3      | Noticed M4edhros's ghost (amateur OpAr)
  3230 | D:3      | HP: 1/28 [M4edhros's ghost (7)]
  3233 | D:3      | Killed M4edhros's ghost
  3356 | D:3      | Reached XP level 6. HP: 32/32 MP: 10/12
  4060 | D:4      | Noticed Menkaure
  4318 | D:4      | Found a staircase to the Ecumenical Temple.
  4331 | Temple   | Entered the Ecumenical Temple
  4601 | D:4      | Reached skill level 5 in Charms
  5438 | D:4      | Noticed Pikel
  5491 | D:3      | HP: 1/32 [Pikel/whip of electrocution (8)]
  5491 | D:3      | Demolished by Pikel

Vault maps used:
D:1:      dpeg_arrival_tiny_a, minmay_misc_feat_room, xom_teletrap_fun
D:2:      grunt_gozag_breadcrumbs, ecumenical_altar_2, makhleb_heckhound_becter,
          uniq_crazy_yiuf_cottage
D:3:      first_bread
D:4:      minmay_temple_entry_junction2, uniq_pikel, uniq_menkaure
Temple:   circular_temple_12

Action                   |  1- 3 |  4- 6 || total
-------------------------+-------+-------++-------
Melee: Unarmed           |     8 |       ||     8
       Dagger            |       |     5 ||     5
       Quarterstaff      |       |    20 ||    20
 Cast: Magic Dart        |    83 |   151 ||   234
       Iskenderun's Batt |       |     6 ||     6
  Use: Scroll            |       |     2 ||     2
       Potion            |       |     2 ||     2
  Eat: Chunk             |     2 |     7 ||     9
       Meat ration       |       |     1 ||     1
       Pizza             |       |     1 ||     1
